 Dungeon Crawl Stone Soup version 0.20-a0-1008-g0de3dc5 (webtiles) character file.

151 roguesci the Skirmisher (level 5, -9/46 HPs)
             Began as a Draconian Warper on Apr 14, 2017.
             Mangled by an iguana (13 damage)
             ... on level 4 of the Dungeon.
             The game lasted 00:12:01 (4073 turns).

roguesci the Skirmisher (Draconian Warper)          Turns: 4073, Time: 00:12:02

Health: -9/46      AC:  5    Str: 13    XL:     5   Next: 10%
Magic:  8/9        EV: 13    Int: 14    God:
Gold:   126        SH:  0    Dex: 11    Spells: 3/10 levels left

rFire    . . .     SeeInvis .   a - +0 falchion
rCold    . . .     Gourm    .   (no shield)
rNeg     . . .     Faith    .   (armour unavailable)
rPois    .         Spirit   .   (helmet restricted)
rElec    .         Reflect  .   (no cloak)
rCorr    .         Harm     .   (no gloves)
MR       .....                  (no boots)
Stlth    +.........             (no amulet)
Regen    0.2/turn               (no ring)
MPRegen  0.2/turn               (no ring)

@: no status effects
A: unfitting armour, cold-blooded, AC +5
a: no special abilities


You were on level 4 of the Dungeon.
You were not hungry.

You visited 1 branch of the dungeon, and saw 4 of its levels.

You collected 126 gold pieces.

Inventory:

Hand Weapons
 a - a +0 falchion (weapon)
 k - a +2 spear of chaos
 l - a +1 spear of chaos
 m - a +2 dagger of chaos
Missiles
 d - 2 tomahawks of dispersal (quivered)
Jewellery
 o - a +2 ring of strength {unknown}
Scrolls
 c - a scroll of blinking
 e - a scroll of recharging {unknown}
 g - a scroll of immolation {unknown}
 h - 4 scrolls of identify {unknown}
 i - 5 scrolls of remove curse {unknown}
 j - 2 scrolls of amnesia {unknown}
 n - a scroll of random uselessness {unknown}
 u - a scroll of teleportation {unknown}
Potions
 t - a potion of berserk rage {unknown}
Books
 b - a book of Spatial Translocations

   Spells                             Type                      Level
   a - Blink                          Translocation                2
   b - Shroud of Golubria             Charms/Translocation         2
   c - Lesser Beckoning               Translocation                3
   d - Gell's Gravitas                Translocation                3
   e - Teleport Other                 Translocation                3
   f - Passage of Golubria            Translocation                4
Comestibles
 f - 4 bread rations
 p - a fruit
 q - a royal jelly
 r - a meat ration
 s - 2 chunks of flesh


   Skills:
 + Level 3.7 Fighting
 - Level 2.0 Long Blades
 - Level 0.8 Throwing
 + Level 3.1 Dodging
 + Level 0.4 Stealth
 + Level 3.2 Spellcasting
 + Level 3.1 Translocations


You had 3 spell levels left.
You knew the following spells:

 Your Spells              Type           Power        Failure   Level  Hunger
a - Shroud of Golubria    Chrm/Tloc      #.........   21%         2    ##.....
b - Blink                 Tloc           N/A          12%         2    ##.....
c - Teleport Other        Tloc           ##......     21%         3    ###....


Dungeon Overview and Level Annotations

Branches:
Dungeon (4/15)
 Temple: D:4-7

Altars:
Xom

Annotations:
D:3 Doomer's ghost, amateur DrAs


Innate Abilities, Weirdness & Mutations

Your plain brown scales are hard. (AC +5)
You cannot fit into any form of body armour.
You are cold-blooded and may be slowed by cold attacks.


Message History

The iguana bites you! x2
You are too injured to fight recklessly!
You are too injured to fight recklessly!
You are too injured to fight recklessly!
You are too injured to fight recklessly!
You hit the iguana. You tail-slap the iguana.
The iguana is almost dead.
The iguana bites you!
* * * LOW HITPOINT WARNING * * *
You hit the iguana but do no damage.
The iguana is almost dead.
The iguana closely misses you.
You barely miss the iguana.
The iguana is almost dead.
The iguana bites you.
* * * LOW HITPOINT WARNING * * *
You barely miss the iguana.
The iguana is almost dead.
The iguana bites you!
You die...

. #.# #... #.#
..... ...#
......#####(.#
......l@..#..#.#
##....##..#..#.###
##...##.##......
#...##.##.##.#
#...##......<#
#...#####....# #
#.>..........#.#
#.#.######.....#
#.#.#....#..######


You could see an iguana.

Vanquished Creatures
  4 adders
  4 oozes
  2 worms (D:2)
  2 dart slugs (D:3)
  7 leopard geckos
  5 orcs
  2 ball pythons (D:3)
  5 giant cockroaches
  7 goblins
  4 hobgoblins
  5 jackals (D:1)
  9 kobolds
  A quokka (D:3)
  7 bats
  A frilled lizard (D:1)
  10 rats
75 creatures vanquished.

Notes
Turn   | Place    | Note
-------+----------+-------------------------------------------
     0 | D:1      | roguesci the Draconian Warper began the quest for the Orb.
     0 | D:1      | Reached XP level 1. HP: 17/17 MP: 3/3
     1 | D:1      | Found a runed door.
   332 | D:1      | Reached XP level 2. HP: 25/25 MP: 5/5
   749 | D:1      | Learned a level 2 spell: Shroud of Golubria
   752 | D:1      | Learned a level 2 spell: Blink
   821 | D:1      | Reached XP level 3. HP: 30/30 MP: 0/6
  1521 | D:2      | Found a shimmering altar of Xom.
  1917 | D:2      | Reached XP level 4. HP: 31/38 MP: 8/8
  3138 | D:3      | Noticed Doomer's ghost (amateur DrAs)
  3637 | D:2      | Learned a level 3 spell: Teleport Other
  3756 | D:3      | Reached XP level 5. HP: 42/46 MP: 6/9
  4073 | D:4      | Mangled by an iguana

Vault maps used:
D:1:      dpeg_arrival_caged_fury
D:2:      minivault_23, tgw_xom
D:3:      first_bread
D:4:      minmay_temple_entry_nine_rooms

Skill      XL: |  1  2  3  4 |
---------------+-------------+-----
Fighting       | 3 |  3.7
Spellcasting   | 3 |  3.2
Dodging        | 3 |  3.1
Long Blades    | |  2.0
Throwing       | |  0.8
Stealth        | |  0.4
Translocations | |  3.1

Action                   |  1- 3 |  4- 6 || total
-------------------------+-------+-------++-------
Melee: Falchion          |   133 |   145 ||   278
       Tailslap          |    12 |    26 ||    38
Throw: Tomahawk          |     3 |       ||     3
 Cast: Shroud of Golubri |     3 |    11 ||    14
  Use: Potion            |       |     2 ||     2
 Stab: Sleeping          |       |     2 ||     2
  Eat: Chunk             |     4 |     7 ||    11
       Fruit             |       |     1 ||     1
Armor: Skin              |    50 |    34 ||    84
Dodge: Dodged            |    79 |    94 ||   173
       Rpst.: Falchion   |    28 |    31 ||    59
